 Seeded DCSS version 0.27-a0-1301-g128193abf8 (webtiles) character file.

Game seed: 20210617 (custom seed)

37 muata the Poker (level 3, -2/51 HPs)
             Began as a Minotaur Berserker on June 17, 2021.
             Was a Believer of Trog.
             Slain by Sigmund (16 damage)
             ... on level 2 of the Dungeon.
             The game lasted 00:02:41 (1368 turns).

muata the Poker (Minotaur Berserker)                Turns: 1368, Time: 00:02:41

Health: -2/51      AC:  7    Str: 22    XL:     3   Next: 23%
Magic:  2/2        EV: 10    Int:  4    God:    Trog [**....]
Gold:   85         SH:  0    Dex:  9    Spells: 2/2 levels left

rFire    . . .     SeeInvis .   a - +0 spear
rCold    . . .     Faith    .   (no shield)
rNeg     . . .     Spirit   .   h - +0 scale mail
rPois    .         Reflect  .   (helmet restricted)
rElec    .         Harm     .   g - +0 cloak
rCorr    .         Rampage  .   (no gloves)
Will     .....                  (no boots)
Stlth    ..........             (no amulet)
HPRegen  0.17/turn              (no ring)
MPRegen  0.08/turn              (no ring)

@: berserking, very quick
A: horns 2, retaliatory headbutt
a: Renounce Religion, Berserk, Trog's Hand


You were on level 2 of the Dungeon.
You worshipped Trog.
Trog was pleased with you.
You visited 1 branch of the dungeon, and saw 2 of its levels.

You collected 85 gold pieces.

Inventory:

Hand Weapons
 a - a +0 spear (weapon)
Missiles
 d - 8 atropa-tipped darts
Armour
 b - a +0 animal skin
 g - a +0 cloak (worn)
 h - a +0 scale mail (worn)
 i - a +0 pair of boots
Scrolls
 e - a scroll of fog {unknown}
 f - a scroll of teleportation {unknown}
 j - a scroll of magic mapping {unknown}
Potions
 c - a potion of magic {unknown}


   Skills:
 + Level 4.5 Fighting
 + Level 4.5 Polearms
 - Level 2.4 Armour
 - Level 2.1 Dodging


You had 2 spell levels left.
You didn't know any spells.
Your spell library was empty.

Dungeon Overview and Level Annotations

Branches:
Dungeon (2/15)

Altars:

Annotations:
D:2 Sigmund


Innate Abilities, Weirdness & Mutations

You have a pair of horns on your head.
You reflexively headbutt those who attack you in melee.


Message History

You hit the hobgoblin. You headbutt the hobgoblin.
You kill the hobgoblin!
Trog accepts your kill.
You can now call upon Trog for regeneration and willpower.
You see here a hobgoblin corpse.
You now have 85 gold pieces (gained 4).
There is an escape hatch in the floor here.
A hobgoblin comes into view.
The hobgoblin shouts!
A hobgoblin is nearby!
Sigmund the Dreaded comes into view.
He is wielding a +6 scythe and carrying a wand of polymorph (8).
Sigmund shouts!
Sigmund gestures at you while chanting.
You are confused.
Found a stone staircase leading up.
You're too confused to move!
The hobgoblin closely misses you.
Sigmund zaps a wand.
You resist with significant effort.
You miss the hobgoblin. Your headbutt misses the hobgoblin.
The hobgoblin closely misses you.
Sigmund casts a spell.
Sigmund flickers and vanishes!
Deactivating autopickup; reactivate with Ctrl-A.
You're too confused to move!
You feel less confused. The hobgoblin hits you.
You hit the hobgoblin.
The hobgoblin is almost dead.
Something hits you!
The hobgoblin hits you but does no damage.
You hit the hobgoblin.
You kill the hobgoblin!
Trog accepts your kill. Something hits you!
A red film seems to cover your vision as you go berserk!
You feel yourself moving faster!
You feel mighty! Something hits you!
* * * LOW HITPOINT WARNING * * *
You feel a strong urge to attack something.
You closely miss something. Something hits you!
You die...

............# ........#
#...........# ..<......
.#...........#
........##.#.#.##.#....#
.........#.# #.#.##.#
.........#.# #.#.<#.#
.........#.# # #.####.# ..
......{..#.#.#.##......#
..........@.#.#.#.........#
..........................
#.########..#.#.........#
###...........#.#.........#
.........###..#............
............#.####........#
...........................
########....##.######.#####
#....##.######.####


There were no monsters in sight!

Vanquished Creatures
  2 dart slugs
  A bat (D:1)
  5 endoplasms (D:1)
  A giant cockroach (D:1)
  2 goblins (D:1)
  7 hobgoblins
  4 jackals (D:1)
  3 kobolds (D:1)
  A ball python (D:2)
  A rat (D:1)
27 creatures vanquished.

Vanquished Creatures (others)
  9 plants (D:1)
9 creatures vanquished.

Grand Total: 36 creatures vanquished

Notes
Turn   | Place    | Note
-------+----------+-------------------------------------------
     0 | D:1      | muata the Minotaur Berserker began the quest for the Orb.
     0 | D:1      | Reached XP level 1. HP: 19/19 MP: 0/0
   130 | D:1      | Reached XP level 2. HP: 26/27 MP: 1/1
   392 | D:1      | Found a faded altar of an unknown god.
   611 | D:1      | Reached XP level 3. HP: 34/34 MP: 2/2
  1288 | D:2      | Reached ** piety under Trog
  1356 | D:2      | Noticed Sigmund
  1368 | D:2      | Slain by Sigmund

Illustrated notes

Levels and vault maps discovered:
D:1:      dpeg_arrival_shelter, layout_basic,
          hellmonk_ecumenical_altar_lost_god, serial_bayou, serial_bayou_pond_a,
          serial_bayou_lagoon_b, serial_bayou_pond_e, serial_bayou_crossing
D:2:      layout_basic, uniq_sigmund

Skill      XL: |  1 |
---------------+----+-----
Fighting       | 4 |  4.5
Polearms       | 4 |  4.5
Armour         | |  2.4
Dodging        | |  2.1

Action                   || total
-------------------------++-------
Melee: Spear             ||    55
       Headbutt          ||    13
Invok: Berserk           ||     2
Armor: Animal skin       ||     7
       Scale mail        ||     5
Dodge: Dodged            ||    42

Table legend: (Time is in decaauts)
 A = Elapsed time spent in this place.
 B = Non-inter-level travel time spent in this place.
 C = Inter-level travel time spent in this place.
 D = Time resting spent in this place.
 E = Time spent auto-exploring this place.
 F = Levels seen in this place.
 G = Mean time per level.
                   A        B        C        D        E       F      G
               +--------+--------+--------+--------+--------+-----+--------+
         Total |   1390 |   1302 |     88 |      0 |   1024 |   2 |  695.0 |
       Dungeon |   1390 |   1302 |     88 |      0 |   1024 |   2 |  695.0 |
               +--------+--------+--------+--------+--------+-----+--------+

Top non-repeatable levels by time:
     D:1: 1105 daAuts
     D:2: 284 daAuts
